 Dungeon Crawl Stone Soup version 0.29-a0-878-g7b45a56547 (webtiles) character file.

Game seed: 14901232683045084460

854 porpoise the Martial Artist (level 8, -4/62 HPs)
             Began as a Merfolk Transmuter on July 20, 2022.
             Slain by Eustachio
             ... wielding a +0 falchion
              (6 damage)
             ... on level 4 of the Dungeon.
             The game lasted 00:16:56 (4391 turns).

porpoise the Martial Artist (Merfolk Transmuter)    Turns: 4391, Time: 00:16:57

Health: -4/62      AC:  6    Str: 12    XL:     8   Next: 1%
Magic:  10/11      EV: 12    Int: 13    God:
Gold:   203        SH:  0    Dex: 14    Spells: 8/11 levels left

rFire   . . .      SeeInvis .     - Unarmed
rCold   . . .      Faith    .   (no shield)
rNeg    . . .      Spirit   .   a - +0 robe
rPois   .          Reflect  .   (helmet currently unavailable)
rElec   .          Harm     .   (no cloak)
rCorr   .          Rampage  .   (no gloves)
Will    .....                   (boots currently unavailable)
Stlth   +.........              (no amulet)
HPRegen 0.20/turn               e - +4 ring of protection
MPRegen 0.12/turn               (no ring)

@: mighty, appendages
A: horns 2, (nimble swimmer 2), mertail
a: End Transformation


You were on level 4 of the Dungeon.
You had temporarily grown beastly horns.
You visited 1 branch of the dungeon, and saw 4 of its levels.
You also visited: Sewer.

You collected 203 gold pieces.

Inventory:

Hand Weapons
 b - a +0 sling
Missiles
 o - 13 poisoned darts
Armour
 a - a +0 robe (worn)
 u - a +0 helmet (melded)
 v - a +0 cloak
Magical Staves
 t - a staff of earth
Jewellery
 e - a +4 ring of protection (left hand)
Scrolls
 c - a scroll of enchant weapon {unknown}
 f - a scroll of vulnerability {unknown}
 i - a scroll of enchant armour {unknown}
 j - a scroll of teleportation
 k - a scroll of torment {unknown}
 l - a scroll of fear {unknown}
 m - 2 scrolls of identify
 p - a scroll of poison {unknown}
 r - a scroll of amnesia {unknown}
 x - a scroll of magic mapping {unknown}
 y - a scroll of summoning {unknown}
 z - 2 scrolls of fog {unknown}
Potions
 d - 4 potions of curing
 h - a potion of heal wounds
 n - 2 potions of flight
 q - a potion of lignification
 s - a potion of ambrosia
 w - a potion of mutation


   Skills:
 + Level 5.0 Fighting
 - Level 2.6 Dodging
 * Level 8.0 Unarmed Combat
 - Level 2.0 Spellcasting
 + Level 4.9 Transmutations


You had 8 spell levels left.
You knew the following spells:

 Your Spells              Type           Power      Damage    Failure   Level
a - Beastly Appendage     Tmut           28%        N/A       3%          1
w - Wereblood             Tmut           14%        N/A       4%          2

Your spell library contained the following spells:

 Spells                   Type           Power      Damage    Failure   Level
 Magic Dart               Conj           4%         1d3       26%         1
 Spider Form              Tmut/Pois      7%         N/A       28%         3
 Call Imp                 Summ           1%         N/A       36%         2
 Mephitic Cloud           Conj/Pois/Air  1%         N/A       58%         3
 Ice Form                 Ice/Tmut       7%         N/A       67%         4


Dungeon Overview and Level Annotations

Branches:
Dungeon (4/15)              Sewer (visited)
 Temple: D:4-7

Altars:
Zin

Annotations:
D:4 1 runed translucent door, Eustachio; RBrandon's ghost, amateur MiMo


Innate Abilities, Weirdness & Mutations

You have temporarily grown beastly horns.
((You are very nimble when in or above water. (Stealth+, EV+, Speed+++)))
Your lower body shifts to a powerful aquatic tail in water.


Message History

You barely miss the gnoll. You headbutt the gnoll!
The gnoll is severely wounded.
The gnoll completely misses you.
You punch the gnoll!
You kill the gnoll!
z - 2 scrolls labelled ATADWAIN SYO (gained 1)
Things that are here:
a +0 whip; a gnoll corpse You start resting.
Your horns disappear.
Your +0 helmet unmelds from your body.
You start resting.
Eustachio the Magnificent comes into view.
He is wielding a +0 falchion.
Casting: Beastly Appendage (safe; 3% risk of failure)
Confirm with . or Enter, or press ? or * to list all spells.
You grow a pair of large bovine horns.
Your +0 helmet melds into your body.
Eustachio shouts!
You are too injured to fight recklessly!
Things that are here:
14 gold pieces; a black bear corpse You barely miss Eustachio.
Eustachio gestures wildly while chanting.
You punch Eustachio!
Eustachio is moderately wounded.
Eustachio casts a spell.
Eustachio blinks!
The white imp gestures at you. The puff of frost hits you!
You see here a +0 whip.
The shadow imp gestures at you. Pain shoots through your body!
* * * LOW HITPOINT WARNING * * *
Eustachio hits you with a +0 falchion!
* * * LOW HITPOINT WARNING * * *
A gnoll comes into view. It is wielding a +0 halberd.
The gnoll shouts!
You hit Eustachio. Your headbutt misses Eustachio.
Eustachio is heavily wounded.
Eustachio hits you with a +0 falchion.
You die...

[.## .## #. .# ## #..
.#####. #. .. ....... .
.##### .####.# .#.....#.
...##..##### ##........
##.#........ #.........
...#........###.@@......
##.#......#..)#)55......
#.#.#....##..$)5.......
##.#.# #.....##.........
......##>..#.#..........
#####..#.....#≈........g
.# #..#..###≈≈........
.#####......##8≈.#######
##...........#≈≈.#


You could see Eustachio, an iron imp (summoned), a gnoll, a white imp (summoned)
and a shadow imp (summoned).

Vanquished Creatures
  Grinder (D:3)
  Sigmund (D:4)
  A black bear (D:4)
  2 kobold brigands (Sewer)
  Crazy Yiuf (D:3)
  Natasha (twice) (D:4)
  Robin (D:3)
  3 gnolls (D:4)
  A river rat (Sewer)
  3 adders
  2 worms
  A dart slug (D:2)
  An orc (D:3)
  5 endoplasms
  7 giant cockroaches
  20 goblins
  7 hobgoblins
  8 jackals
  12 kobolds
  7 quokkas
  2 ball pythons (D:3)
  4 bats
  6 frilled lizards
  9 rats
107 creatures vanquished.

Vanquished Creatures (others)
  A goblin (D:3)
1 creature vanquished.

Grand Total: 108 creatures vanquished

Notes
Turn   | Place    | Note
-------+----------+-------------------------------------------
     0 | D:1      | porpoise the Merfolk Transmuter began the quest for the
                  | Orb.
     0 | D:1      | Reached XP level 1. HP: 15/15 MP: 3/3
    80 | D:1      | Reached XP level 2. HP: 21/21 MP: 3/5
   347 | D:1      | Reached skill level 4 in Unarmed Combat
   631 | D:1      | Learned a level 2 spell: Wereblood
   683 | D:2      | Reached XP level 3. HP: 8/27 MP: 6/6
  1325 | D:2      | Reached XP level 4. HP: 34/34 MP: 5/7
  1688 | D:3      | Found a glowing drain.
  1722 | Sewer    | Entered a sewer
  1739 | Sewer    | Reached skill level 5 in Unarmed Combat
  1830 | Sewer    | Noticed a kobold brigand
  1835 | Sewer    | Noticed a kobold brigand
  1879 | Sewer    | Killed a kobold brigand
  1880 | Sewer    | Reached XP level 5. HP: 18/41 MP: 8/8
  1912 | Sewer    | Killed a kobold brigand
  1913 | Sewer    | Reached skill level 6 in Unarmed Combat
  1913 | Sewer    | Reached XP level 6. HP: 12/47 MP: 9/9
  2193 | Sewer    | Found a white marble altar of Elyvilon.
  2521 | D:3      | Noticed Grinder
  2524 | D:3      | Paralysed by Grinder for 4 turns
  2535 | D:3      | Killed Grinder
  2752 | D:3      | Reached XP level 7. HP: 48/54 MP: 10/10
  3170 | D:3      | Noticed Robin
  3171 | D:3      | Reached skill level 7 in Unarmed Combat
  3181 | D:3      | Killed Robin
  3626 | D:3      | Found a runed translucent door.
  3627 | D:3      | Noticed Crazy Yiuf
  3640 | D:3      | Killed Crazy Yiuf
  4061 | D:4      | Noticed Natasha
  4069 | D:4      | Killed Natasha
  4129 | D:4      | Found a runed translucent door.
  4129 | D:4      | Noticed RBrandon's ghost (amateur MiMo)
  4217 | D:4      | Found a glowing silver altar of Zin.
  4244 | D:4      | Noticed Natasha
  4257 | D:4      | Killed Natasha
  4341 | D:4      | Noticed Sigmund
  4349 | D:4      | Killed Sigmund
  4362 | D:4      | Reached skill level 5 in Fighting
  4364 | D:4      | Reached skill level 8 in Unarmed Combat
  4372 | D:4      | Reached XP level 8. HP: 27/62 MP: 11/11
  4384 | D:4      | Noticed Eustachio
  4390 | D:4      | HP: 2/62 [Eustachio/+0 falchion (8)]
  4391 | D:4      | Slain by Eustachio

Illustrated notes

Levels and vault maps discovered:
D:1:      lightli_arrival_boilingwater, layout_rooms
D:2:      layout_basic
D:3:      kennysheep_goblin_castle, layout_loops_cross, gup_sewer_entry_pipe,
          uniq_crazy_yiuf_cottage, uniq_grinder
D:4:      layout_rooms, mainiacjoe_overflow_cross_hatched, demons_altar,
          zin_academy, gammafunk_ghost_grave, corexii_item_surrounded_by_moat,
          minmay_misc_feat_encased, moated_statue, kennysheep_generic_room_14,
          uniq_natasha, uniq_sigmund, uniq_eustachio

Skill      XL: |  1  2  3  4  5  6  7 |
---------------+----------------------+-----
Unarmed Combat | 4 5 6 8 |  8.0
Fighting       | 2 3 4 5 |  5.0
Transmutations | 3 4 |  4.9
Dodging        | |  2.6
Spellcasting   | |  2.0

Action                   |  1- 3 |  4- 6 |  7- 9 || total
-------------------------+-------+-------+-------++-------
Melee: Unarmed           |    98 |   137 |   123 ||   358
       Headbutt          |    12 |     4 |     1 ||    17
       Tailslap          |       |    11 |     1 ||    12
       Punch             |       |     3 |     4 ||     7
 Fire: Sling             |       |       |    23 ||    23
 Cast: Beastly Appendage |    14 |     5 |     2 ||    21
  Use: Potion            |       |     1 |     4 ||     5
       Scroll            |       |       |     3 ||     3
 Stab: Sleeping          |       |     3 |     1 ||     4
Armor: Robe              |    23 |    40 |    49 ||   112
Dodge: Dodged            |    49 |    93 |    94 ||   236

Table legend: (Time is in decaauts)
 A = Elapsed time spent in this place.
 B = Non-inter-level travel time spent in this place.
 C = Inter-level travel time spent in this place.
 D = Time resting spent in this place.
 E = Time spent auto-exploring this place.
 F = Levels seen in this place.
 G = Mean time per level.
                   A        B        C        D        E       F      G
               +--------+--------+--------+--------+--------+-----+--------+
         Total |   4291 |   4137 |    154 |   1540 |   1591 |   5 |  858.2 |
       Dungeon |   3816 |   3662 |    154 |   1280 |   1566 |   4 |  954.0 |
         Sewer |    475 |    475 |      0 |    260 |     25 |   1 |  475.0 |
               +--------+--------+--------+--------+--------+-----+--------+

Top non-repeatable levels by time:
     D:3: 1850 daAuts
     D:2: 986 daAuts
     D:1: 661 daAuts
   Sewer: 475 daAuts
     D:4: 317 daAuts
